 Dungeon Crawl Stone Soup version 0.30.0 (webtiles) character file.

Game seed: 12068820580832509569

4827 browni3141 the Righteous (level 10, -13/86 HPs)
             Began as an Armataur Delver on May 6, 2023.
             Was a Follower of the Shining One.
             Mangled by a catoblepas (24 damage)
             ... on level 1 of the Lair of Beasts.
             The game lasted 00:12:54 (11988 turns).

browni3141 the Righteous (Armataur Delver)         Turns: 11988, Time: 00:12:55

Health: -13/86     AC:  7    Str: 25    XL:     10   Next: 25%
Magic:  17/17      EV:  7    Int:  9    God:    the Shining One [*.....]
Gold:   572        SH: 26    Dex: 12    Spells: 9/9 levels left

rFire   + . .        S - +0 whip (freeze)
rCold   . . .        z - +2 kite shield
rNeg    + . .        A - +0 scale mail
rPois   +            (no helmet)
rElec   .            (no cloak)
rCorr   .            (no gloves)
SInv    +            (no barding)
Will    +....        U - amulet of reflection
Stlth   +            Y - ring of Egomania {rF+ rN+ Will+ SInv Stlth-}
HPRegen 0.34/turn    (no ring)
MPRegen 0.15/turn

%: reflection, roll
@: mighty, divinely shielded, glowing
A: large, rugged brown scales 3, deformed body, armoured tail, roll, long
tongue, awkward tongue, poison resistance, strong 1, subdued magic 1
a: Renounce Religion, Divine Shield


You were on level 1 of the Lair of Beasts.
You worshipped the Shining One.
The Shining One was aware of your devotion.
You visited 2 branches of the dungeon, and saw 9 of its levels.

You collected 572 gold pieces.

Inventory:

Hand Weapons
 a - a +0 short sword
 t - a +0 heavy arbalest
 y - a +1 flail of holy wrath
 S - a +0 whip of freezing (weapon)
Missiles
 J - 16 poisoned darts (quivered)
 T - 3 boomerangs
Armour
 b - a +0 leather armour
 w - a +0 helmet
 z - a +2 kite shield (worn)
 A - a +0 scale mail (worn)
Jewellery
 s - a ring of ice
 B - a ring of magical power
 U - an amulet of reflection (around neck)
 Y - the ring of Egomania (left hand) {rF+ rN+ Will+ SInv Stlth-}
   (You found it on level 4 of the Dungeon)

   [ring of positive energy]

   rF:        It protects you from fire.
   rN:        It protects you from negative energy.
   SInv:      It lets you see invisible.
   Will:      It increases your willpower.
   Stlth:     It makes you less stealthy.
Wands
 g - a wand of digging (3)
 x - a wand of mindburst (11)
 V - a wand of flame (24)
Scrolls
 d - 3 scrolls of magic mapping
 v - a scroll of torment {unknown}
 D - a scroll of enchant weapon {unknown}
 E - 2 scrolls of vulnerability {unknown}
 F - 5 scrolls of fog
 I - a scroll of blinking {unknown}
 K - 2 scrolls of immolation {unknown}
 N - 6 scrolls of identify {unknown}
 O - 2 scrolls of noise {unknown}
 P - 5 scrolls of poison {unknown}
 Q - 3 scrolls of enchant armour {unknown}
 R - 5 scrolls of teleportation {unknown}
 W - 3 scrolls of summoning {unknown}
Potions
 h - a potion of haste
 u - a potion of heal wounds {unknown}
 C - 4 potions of curing
 G - 3 potions of brilliance {unknown}
 H - 3 potions of mutation
 L - 3 potions of lignification
 M - a potion of might
 X - a potion of berserk rage {unknown}
 Z - 2 potions of flight {unknown}


   Skills:
 - Level 5.0 Fighting
 - Level 2.2 Short Blades
 - Level 6.0 Maces & Flails
 - Level 6.0 Armour
 - Level 2.0 Dodging
 - Level 6.0 Stealth
 - Level 5.0 Shields
 * Level 9.7 Invocations
 * Level 2.6 Evocations


You had 9 spell levels left.
You didn't know any spells.
Your spell library contained the following spells:

 Spells                   Type           Power      Damage    Failure   Level
 Apportation              Tloc           0%         N/A       85%         1
 Magic Dart               Conj           0%         1d3       85%         1
 Sandblast                Erth           0%         2d4       85%         1
 Passwall                 Tmut/Erth      0%         N/A       94%         2
 Searing Ray              Conj           0%         2d4       94%         2
 Call Canine Familiar     Summ           0%         N/A       99%         3
 Frozen Ramparts          Ice            0%         1d1       99%         3
 Gell's Gravitas          Tloc           0%         N/A       99%         3
 Inner Flame              Hex/Fire       0%         N/A       99%         3
 Ozocubu's Armour         Ice            0%         N/A       99%         3
 Portal Projectile        Hex/Tloc       0%         N/A       99%         3
 Stone Arrow              Conj/Erth      0%         3d7       99%         3
 Teleport Other           Tloc           0%         N/A       99%         3
 Tukima's Dance           Hex            0%         N/A       99%         3
 Flame Wave               Conj/Fire      0%         2d4       100%        4
 Fulminant Prism          Conj/Hex       0%         3d5       100%        4
 Ice Form                 Ice/Tmut       0%         N/A       100%        4
 Leda's Liquefaction      Hex/Erth       0%         N/A       100%        4
 Passage of Golubria      Tloc           0%         N/A       100%        4
 Sticky Flame             Conj/Fire      0%         2d3       100%        4
 Summon Ice Beast         Ice/Summ       0%         N/A       100%        4
 Alistair's Intoxication  Tmut/Pois      0%         N/A       100%        5
 Summon Forest            Summ/Tloc      0%         N/A       100%        5
 Summon Mana Viper        Hex/Summ       0%         N/A       100%        5
 Yara's Violent Unravell  Hex/Tmut       0%         3d3       100%        5
 Dispersal                Tloc           0%         N/A       100%        6
 Summon Cactus Giant      Summ           0%         N/A       100%        6
 Ozocubu's Refrigeration  Ice            0%         4d7       100%        7


Dungeon Overview and Level Annotations

Branches:
Dungeon (8/15)             Temple (0/1) D:7            Lair (1/5) D:8

Altars:
Ashenzari
Elyvilon
Okawaru
Ru
Xom
Zin
The Shining One
Jiyva

Annotations:
D:8 2 transporters


Innate Abilities, Weirdness & Mutations

You are completely covered in rugged brown scales. (AC +3, +7% HP)
Armour fits poorly on your strangely shaped body.
You have a long armoured tail.
You roll when moving toward enemies. (Rampage)
Your long tongue fully drains potion bottles. (2x potion effects)
Your tongue gives you trouble enunciating. (1.5x scroll delay)
Your system is resistant to poisons. (rPois)
Your muscles are strong. (Str +4, Int/Dex -1)
Your spells are a little easier to cast, but a little less powerful.


Message History

A catoblepas comes into view.
The catoblepas bellows!
The catoblepas breathes a plume of calcifying dust at you.
The blast of calcifying dust hits you.
The catoblepas moves out of view.
You're standing in a cloud of calcifying dust!
You're standing in a cloud of calcifying dust!
You're standing in a cloud of calcifying dust!
You start resting.
A catoblepas is nearby!
Your line of fire to the catoblepas is blocked by a fungus.
Unknown command.
Your shield is strengthened by the Shining One's divine power.
The catoblepas breathes a plume of calcifying dust at you.
The blast of calcifying dust hits the fungus!
The fungus begins to die.
The blast of calcifying dust hits you but does no damage.
Throw: 19 darts (poison)
Press: ? - help, Q - select action, (/) - cycle Shift-Dir - straight line, f/p - catoblepas
Aim: a catoblepas (calcifying dust, 89% to hit)
Okay, then.
The fungus is engulfed in calcifying dust.
The catoblepas breathes a plume of calcifying dust at you.
The blast of calcifying dust hits you but does no damage.
The fungus is engulfed in calcifying dust.
The fungus turns to stone!
You start resting.
HP restored.
The fungus is engulfed in calcifying dust.
Throw: 19 darts (poison)
Press: ? - help, Q - select action, (/) - cycle Shift-Dir - straight line, f/p - catoblepas
Aim: a catoblepas (calcifying dust, haloed, 97% to hit)
You throw a poisoned dart. The poisoned dart hits the catoblepas.
Throw: 18 darts (poison)
Press: ? - help, Q - select action, (/) - cycle Shift-Dir - straight line, f/p - catoblepas
Aim: a catoblepas (calcifying dust, haloed, 97% to hit)
You throw a poisoned dart. The poisoned dart hits the catoblepas.
The catoblepas is poisoned.
A nearby fungus withers and dies.
The catoblepas breathes a plume of calcifying dust at you.
The blast of calcifying dust hits you.
The catoblepas attacks as you move away!
You block the catoblepas's attack.
You hit the catoblepas but do no damage.
You tail-slap the catoblepas, but do no damage.
The catoblepas is lightly wounded.
The catoblepas gores you!!
You hit the catoblepas. You freeze the catoblepas.
The catoblepas is lightly wounded.
You block the catoblepas's attack.
You feel very mighty all of a sudden.
You slurp down every last drop of the potion of might!
The catoblepas looks more healthy.
You block the catoblepas's attack.
You completely miss the catoblepas. You tail-slap the catoblepas.
The catoblepas is lightly wounded.
You block the catoblepas's attack.
You hit the catoblepas. You freeze the catoblepas.
The catoblepas is lightly wounded.
The catoblepas gores you!
You hit the catoblepas. You freeze the catoblepas.
The catoblepas is moderately wounded.
You block the catoblepas's attack.
You hit the catoblepas. You freeze the catoblepas.
The catoblepas is moderately wounded.
You block the catoblepas's attack.
You hit the catoblepas. You freeze the catoblepas.
The catoblepas is moderately wounded.
You block the catoblepas's attack.
You hit the catoblepas but do no damage.
The catoblepas is moderately wounded.
You hit the catoblepas. You freeze the catoblepas.
You tail-slap the catoblepas.
The catoblepas is heavily wounded.
The catoblepas breathes a plume of calcifying dust at you.
The blast of calcifying dust hits you!
The catoblepas attacks as you move away!
The catoblepas gores you.
The catoblepas breathes a plume of calcifying dust at you.
The blast of calcifying dust hits you!
* * * LOW HITPOINT WARNING * * *
Throw: 17 darts (poison)
Press: ? - help, Q - select action, (/) - cycle Shift-Dir - straight line, f/p - catoblepas
Aim: a catoblepas (calcifying dust, heavily wounded, haloed, 97% to hit)
You throw a poisoned dart. The poisoned dart hits the catoblepas.
The catoblepas is poisoned.
The catoblepas is heavily wounded.
You hit the catoblepas but do no damage.
The catoblepas is heavily wounded.
The catoblepas gores you!
* * * LOW HITPOINT WARNING * * *
You whack the catoblepas! You freeze the catoblepas.
You tail-slap the catoblepas!
The catoblepas is almost dead.
You block the catoblepas's attack.
You whack the catoblepas! You freeze the catoblepas.
The catoblepas is almost dead.
The catoblepas breathes a plume of calcifying dust at you.
The blast of calcifying dust hits you!
* * * LOW HITPOINT WARNING * * *
The catoblepas attacks as you move away!
The catoblepas gores you!!
You die...

#...## #...## #. #...#
#...# #. #...# ##...#
##. #...# #....# #..
#..§# ##...# #.. #^..#
#...# ##. #.§§# #...##
#. #.§)# #....# #.
##§@.# #...## #. #..Y.#
##P..# #. ##.§.###P...#
#. #P...P###...## #.
##.(.###.....# #.
#.(..# ##...P# #.
#....####...#######.
.....................
Y............>.........


You could see a catoblepas (poisoned).

Vanquished Creatures
  A two-headed ogre (D:8)
  8 water moccasins
  3 sky beasts
  2 orc warriors
  2 ice beasts
  2 black bears (D:7)
  2 ogres
  2 centaurs
  3 wolves (D:8)
  A phantom (D:6)
  2 gnoll sergeants
  5 bullfrogs
  5 scorpions
  3 howler monkeys
  6 hounds
  7 jellies
  4 orc priests
  3 iguanas
  8 orc wizards
  5 adders
  10 gnolls
  A white imp (D:7)
  2 ufetubi
  2 worms
  5 dart slugs
  25 orcs
  4 endoplasms
  5 giant cockroaches
  3 goblins
  5 hobgoblins
  2 quokkas
  4 ball pythons
  3 bats
  A frilled lizard (D:3)
  5 kobolds
  5 rats
156 creatures vanquished.

Vanquished Creatures (others)
  A fungus (Lair:1)
  8 plants (D:7)
9 creatures vanquished.

Grand Total: 165 creatures vanquished

Notes
Turn   | Place    | Note
-------+----------+-------------------------------------------
     0 | D:5      | browni3141 the Armataur Delver began the quest for the Orb.
     0 | D:5      | Reached XP level 1. HP: 19/19 MP: 1/1
   184 | D:4      | Noticed an orc wizard
   199 | D:4      | Killed an orc wizard
   200 | D:4      | Reached skill level 3 in Fighting
   200 | D:4      | Reached XP level 2. HP: 5/27 MP: 2/2
   203 | D:4      | Reached XP level 3. HP: 5/33 MP: 3/3
  1431 | D:1      | Reached XP level 4. HP: 40/40 MP: 4/4
  1877 | D:2      | Reached skill level 6 in Stealth
  2496 | D:3      | Found a broken altar of Ashenzari.
  2879 | D:3      | Found a sacrificial altar of Ru.
  3052 | D:3      | Reached skill level 3 in Armour
  3052 | D:3      | Reached XP level 5. HP: 26/48 MP: 5/5
  3712 | D:4      | Reached skill level 3 in Maces & Flails
  3819 | D:4      | Reached XP level 6. HP: 40/54 MP: 6/6
  4061 | D:4      | Identified the ring of Egomania {rF+ rN+ Will+ SInv Stlth-}
  4108 | D:4      | Found a glowing silver altar of Zin.
  4108 | D:4      | Found a glowing golden altar of the Shining One.
  4108 | D:4      | Found a white marble altar of Elyvilon.
  4229 | D:4      | Became a worshipper of the Shining One
  4904 | D:5      | Reached XP level 7. HP: 17/60 MP: 7/7
  5506 | D:5      | Reached skill level 6 in Maces & Flails
  6359 | D:6      | Reached XP level 8. HP: 12/70 MP: 8/8
  7095 | D:6      | Reached * piety under the Shining One
  8415 | D:7      | Found an iron altar of Okawaru.
  8445 | D:7      | Reached skill level 1 in Invocations
  8451 | D:7      | Reached skill level 6 in Armour
  8545 | D:7      | Reached skill level 2 in Invocations
  8554 | D:7      | Reached skill level 3 in Shields
  8562 | D:7      | Reached skill level 3 in Invocations
  8613 | D:6      | Reached XP level 9. HP: 23/79 MP: 11/11
  8790 | D:7      | Reached skill level 4 in Invocations
  9085 | D:7      | Found a shimmering altar of Xom.
  9200 | D:7      | Reached skill level 5 in Invocations
  9380 | D:7      | Reached skill level 6 in Invocations
  9597 | D:7      | Found a staircase to the Ecumenical Temple.
  9801 | D:8      | Reached skill level 7 in Invocations
  9998 | D:8      | Found a staircase to the Lair.
 10026 | D:8      | Noticed a two-headed ogre
 10044 | D:8      | Killed a two-headed ogre
 10045 | D:8      | Reached skill level 8 in Invocations
 10269 | D:8      | Found a viscous altar of Jiyva.
 10463 | D:8      | Reached skill level 9 in Invocations
 10463 | D:8      | Reached XP level 10. HP: 83/86 MP: 16/16
 10630 | D:8      | Found a transporter.
 10630 | D:8      | Found a transporter.
 11067 | Lair:1   | Entered Level 1 of the Lair of Beasts
 11264 | D:8      | Gained mutation: Your spells are a little easier to cast,
                  | but a little less powerful. [potion of mutation]
 11264 | D:8      | Gained mutation: Your system is resistant to poisons.
                  | (rPois) [potion of mutation]
 11264 | D:8      | Gained mutation: Your muscles are strong. (Str +4, Int/Dex
                  | -1) [potion of mutation]
 11264 | D:8      | HP: 1/86 [wolf (4)]
 11961 | Lair:1   | Noticed a catoblepas
 11988 | Lair:1   | Mangled by a catoblepas

Illustrated notes

Levels and vault maps discovered:
D:1:      dpeg_arrival_three_same_balls, layout_basic
D:2:      layout_basic
D:3:      layout_basic, general_overflow_altar, mainiacjoe_overflow_catwalk,
          minivault_26, kennysheep_minor_cross
D:4:      layout_basic, good_gods_mini_temple
D:5:      dreamdust_elfheim, layout_basic, grunt_decor_cap
D:6:      layout_loops_ring
D:7:      nzn_winding_woodlands_small [nzn_winding_woodlands_5x15_sawtooth,
          nzn_winding_woodlands_center_garden,
          nzn_winding_woodlands_5x15_split_checker], layout_rooms,
          okawaru_trees_1, dk_xom_monty_hall, temple_fountains
D:8:      gammafunk_jiyva_shrine, layout_basic, lair_entry_dummy
Lair:1:   layout_long_grid

Skill      XL: |  1  2  3  4  5  6  7  8  9 10 |
---------------+-------------------------------+-----
Fighting       | 3 4 5 |  5.0
Short Blades   | 2 |  2.2
Armour         | 1 3 4 6 |  6.0
Dodging        | 2 |  2.0
Stealth        | 6 |  6.0
Maces & Flails | 1 3 5 6 |  6.0
Shields        | 4 5 |  5.0
Invocations    | 3 9 |  9.7
Evocations     | 2 |  2.6

Action                     |  1- 3 |  4- 6 |  7- 9 | 10-12 || total
---------------------------+-------+-------+-------+-------++-------
  Melee: Short sword       |    58 |       |       |       ||    58
         Tailslap          |    12 |    18 |    73 |    16 ||   119
         Whip              |    50 |   152 |   377 |    99 ||   678
         Punch             |       |     2 |     3 |       ||     5
  Throw: Dart              |       |    19 |    44 |     3 ||    66
 Invoke: Divine Shield     |       |       |     2 |     2 ||     4
  Evoke: Wand              |       |       |    13 |     3 ||    16
    Use: Potion            |     1 |     1 |       |     4 ||     6
         Scroll            |       |     2 |       |       ||     2
   Stab: Sleeping          |     9 |    10 |       |       ||    19
 Armour: Leather armour    |    33 |    37 |     9 |       ||    79
         Skin              |       |     1 |       |       ||     1
         Scale mail        |       |       |    80 |    24 ||   104
  Dodge: Dodged            |    44 |    65 |    90 |    15 ||   214
  Block: Other             |       |       |    26 |       ||    26
         Kite shield       |       |       |   208 |   105 ||   313
         Reflection        |       |       |     1 |       ||     1
